 Dungeon Crawl Stone Soup version 0.25-a0-645-gb4487340cb (webtiles) character file.

Game seed: 343761447643397260, levelgen mode: deterministic

436983 Haet the Earth Mage (level 24, -3/151 HPs)
             Began as a Gargoyle Earth Elementalist on Mar 18, 2020.
             Was the Champion of Vehumet.
             Slain by a jiangshi (15 damage)
             ... led by a vampire mage
             ... on level 2 of the Vaults on Mar 21, 2020.
             The game lasted 04:18:02 (61529 turns).

Haet the Earth Mage (Gargoyle Earth Elementalist)  Turns: 61529, Time: 04:18:02

Health: -3/151     AC: 38    Str: 17    XL:     24   Next: 3%
Magic:  3/41       EV: 18    Int: 27    God:    Vehumet [******]
Gold:   3261       SH:  0    Dex: 10    Spells: 11/51 levels left

rFire    + + .     SeeInvis +   L - +8 morningstar of Vohed {holy, +Fly rC+ Str+4}
rCold    + + +     Gourm    .   (no shield)
rNeg     + . .     Faith    .   g - +5 steam dragon scales
rPois    ∞         Spirit   .   y - +1 helmet {SInv}
rElec    +         Reflect  .   I - +1 cloak {rC+}
rCorr    +         Harm     .   F - +1 pair of gloves of Seteopus {*Contam rF++}
MR       +....     Clarity  +   K - +1 pair of boots {run}
Stlth    ++........             m - amulet of regeneration
HPRegen  0.75/turn              k - ring "Tufug" {rPois rC++ rCorr}
MPRegen  0.27/turn              j - ring of wizardry

@: flying, studying Throwing, lightly drained, quick
A: big wings, clarity, negative energy resistance 1, electricity resistance,
unbreathing, petrification resistance, rot immunity, AC +18
}: 2/15 runes: serpentine, barnacled
a: Stop Flying, Renounce Religion


You were on level 2 of the Vaults.
You worshipped Vehumet.
Vehumet was exalted by your worship.
You were hungry.

You visited 9 branches of the dungeon, and saw 41 of its levels.
You visited the Abyss 3 times.
You also visited: Bailey, Ice Cave and Desolation.

You collected 8064 gold pieces.
You spent 4803 gold pieces at shops.

Inventory:

Hand Weapons
 G - a +9 dire flail
 H - the +1 flail of Capor {flame, +Inv rElec Str-2 Dex+5}
   (You took it off a deep elf high priest on level 3 of the Elven Halls)

   It has been specially enchanted to burn those struck by it, causing extra
   injury to most foes and up to half again as much damage against particularly
   susceptible opponents.
   It affects your strength (-2).
   It affects your dexterity (+5).
   It insulates you from electricity.
   It lets you turn invisible.
 L - the +8 morningstar of Vohed (weapon) {holy, +Fly rC+ Str+4}
   (You found it on level 2 of the Lair of Beasts)

   It has been blessed by the Shining One to cause great damage to the undead
   and demons.
   It affects your strength (+4).
   It protects you from cold.
   It lets you fly.
Missiles
 b - 954 stones (quivered)
 D - 7 throwing nets
Armour
 g - +5 steam dragon scales (worn)
 q - a +1 leather armour of fire resistance
 y - a +1 helmet of see invisible (worn)
 F - the +1 pair of gloves of Seteopus (worn) {*Contam rF++}
   (You acquired it on level 1 of the Elven Halls)

   It greatly protects you from fire.
   It causes magical contamination when unequipped.
 I - a +1 cloak of cold resistance (worn)
 K - a +1 pair of boots of running (worn)
 N - a +1 robe of the Archmagi
Jewellery
 j - a ring of wizardry (right hand)
 k - the ring "Tufug" (left hand) {rPois rC++ rCorr}
   (You bought it in a shop on level 3 of the Elven Halls)

   [ring of resist corrosion]

   It greatly protects you from cold.
   It protects you from poison.
   It provides partial protection from all sources of acid and corrosion.
 l - an uncursed amulet of the gourmand
 m - an amulet of regeneration (around neck)
 w - the ring of Contentment {rF+ EV+3}
   (You bought it in a shop on level 3 of the Elven Halls)

   [ring of evasion]

   It affects your evasion (+3).
   It protects you from fire.
 B - a +5 ring of intelligence
Wands
 p - a wand of flame (21)
 s - a wand of polymorph (27)
 t - a wand of digging (6)
 P - a wand of iceblast (6)
Scrolls
 c - 2 scrolls of amnesia
 n - a scroll of blinking
 x - 2 scrolls of fog
 A - 18 scrolls of remove curse
 J - 11 scrolls of identify
 Q - a scroll of brand weapon
 T - 5 scrolls of teleportation
 W - 8 scrolls of enchant weapon
 Y - 3 scrolls of fear
Potions
 i - a potion of stabbing
 r - 3 potions of invisibility
 u - 2 potions of ambrosia
 C - a potion of curing
 E - 4 potions of mutation
 O - 2 potions of brilliance
 X - 3 potions of cancellation
Books
 a - a manual of Throwing
Miscellaneous
 e - a lightning rod (4/4)
 f - a lamp of fire
 h - 2 phantom mirrors
 v - a fan of gales
 z - a sack of spiders
 S - a phial of floods (inert)
Comestibles
 d - 33 rations


   Skills:
 - Level 15.6(15.4) Fighting
 - Level 14.0(13.8) Maces & Flails
 - Level 6.0(5.9) Armour
 - Level 12.6(12.4) Dodging
 - Level 2.1(2.0) Stealth
 - Level 14.2(14.0) Spellcasting
 - Level 16.0(15.8) Conjurations
   Level 0.7(0.5) Transmutations
 - Level 18.2(18.0) Fire Magic
 + Level 20.5(20.3) Earth Magic
 - Level 6.0(5.8) Evocations


You had 11 spell levels left.
You knew the following spells:

 Your Spells              Type           Power        Failure   Level  Hunger
a - Sandblast             Erth           ######       0%          1    None
b - Stone Arrow           Conj/Erth      ######       0%          3    None
c - Lee's Rapid Deconstr  Erth           #######...   0%          5    ##.....
d - Iron Shot             Conj/Erth      #######...   1%          6    ####...
e - Bolt of Magma         Conj/Fire/Erth #######...   1%          5    ##.....
f - Starburst             Conj/Fire      #######...   1%          6    ####...
g - Fireball              Conj/Fire      #######...   1%          5    ##.....
h - Shatter               Erth           #######...   8%          9    #######

Your spell library contained the following spells:

 Spells                   Type           Power        Failure   Level  Hunger
 Lehudib's Crystal Spear  Conj/Erth      #######...   1%          8    #######
 Chain Lightning          Conj/Air       ######....   52%         8    #######
 Tornado                  Air            ###.......   100%        9    #######
 Foxfire                  Conj/Fire      ####         0%          1    None
 Conjure Flame            Conj/Fire      #######.     0%          3    None
 Animate Skeleton         Necr           N/A          1%          1    None
 Beastly Appendage        Tmut           ###...       1%          1    None
 Corona                   Hex            ###....      1%          1    None
 Infusion                 Chrm           ###.         1%          1    None
 Pain                     Necr           ###.         1%          1    None
 Shock                    Conj/Air       ####         1%          1    None
 Summon Butterflies       Summ           ###.....     1%          1    None
 Summon Small Mammal      Summ           ###.         1%          1    None
 Call Imp                 Summ           ###.....     1%          2    None
 Ensorcelled Hibernation  Hex/Ice        ###...       1%          2    None
 Passwall                 Tmut/Erth      ######..     1%          2    None
 Shroud of Golubria       Chrm/Tloc      ###...       1%          2    None
 Slow                     Hex            ###.....     1%          2    None
 Song of Slaying          Chrm           ###.....     1%          2    None
 Sticks to Snakes         Tmut           ###.....     1%          2    None
 Swiftness                Chrm/Air       ###.....     1%          2    None
 Dazzling Flash           Conj/Hex       ######       1%          3    None
 Ignite Poison            Fire/Tmut/Pois ######..     1%          3    None
 Inner Flame              Hex/Fire       ######..     1%          3    None
 Static Discharge         Conj/Air       ######..     1%          3    None
 Leda's Liquefaction      Hex/Erth       ######....   1%          4    None
 Petrify                  Tmut/Erth      ######..     1%          4    None
 Sticky Flame             Conj/Fire      #######.     1%          4    None
 Lightning Bolt           Conj/Air       ######....   1%          5    ##.....
 Conjure Ball Lightning   Conj/Air       ######....   2%          6    ####...
 Call Canine Familiar     Summ           ###.....     3%          3    None
 Confusing Touch          Hex            ###.....     3%          3    None
 Ozocubu's Armour         Chrm/Ice       ###.....     3%          3    None
 Portal Projectile        Hex/Tloc       ###...       3%          3    None
 Spectral Weapon          Hex/Chrm       ###.....     3%          3    None
 Spider Form              Tmut/Pois      ###.......   3%          3    None
 Summon Guardian Golem    Hex/Summ       ###.....     3%          3    None
 Tukima's Dance           Hex            ###.....     3%          3    None
 Vampiric Draining        Necr           ###.......   3%          3    None
 Airstrike                Air            ###.......   3%          4    None
 Ice Form                 Ice/Tmut       ###.....     11%         4    None
 Animate Dead             Necr           N/A          12%         4    None
 Cause Fear               Hex            ###.......   12%         4    None
 Summon Ice Beast         Ice/Summ       ###.....     12%         4    None
 Summon Lightning Spire   Summ/Air       ###.....     12%         4    None
 Blade Hands              Tmut           ###.......   24%         5    ##.....
 Agony                    Necr           ###.....     30%         5    ##.....
 Silence                  Hex/Air        ###.......   30%         5    ##.....
 Summon Mana Viper        Hex/Summ       ###.....     30%         5    ##.....
 Deflect Missiles         Chrm/Air       ###.......   83%         6    ####...
 Shadow Creatures         Summ           N/A          83%         6    ####...
 Summon Hydra             Summ           ###.......   100%        7    ######.
 Dragon's Call            Summ           ###.......   100%        9    #######
 Statue Form              Tmut/Erth      Unusable     N/A         6    N/A

Dungeon Overview and Level Annotations

Branches:
Dungeon (15/15)            Temple (1/1) D:7            Lair (6/6) D:8
 Shoals (4/4) Lair:2        Snake (4/4) Lair:3        Slime (0/5) Lair:5
    Orc (2/2) D:10            Elf (3/3) Orc:2        Vaults (5/5) D:13
  Crypt (1/3) Vaults:2     Depths (0/5) D:15         Bailey (visited)
  IceCv (visited)         Desolation (visited)

Altars:
Dithmenos
Elyvilon
Fedhas
Gozag
Kikubaaqudgha
Nemelex Xobeh
Qazlal
Ru
Trog
Uskayaw
Vehumet
Wu Jian
Xom
Zin
The Shining One
Beogh
Jiyva

Shops:
D:4 (   D:5 *   D:6 [   D:8 (   Orc:2 (*:[   Elf:2 :   Elf:3 (=(   Vaults:1 !

Portals:
Trove: D:11 (give +3 ice dragon scales)

Annotations:
D:6 2 transporters
Lair:5 2 runed translucent doors, Xecs's ghost, journeyman DsIE
Lair:6 1 runed translucent door, Phong's ghost, journeyman DrCj
Shoals:2 1 runed translucent door, Kulegor's ghost, adept SpEn
Snake:3 1 runed translucent door, Wizop's ghost, adept DsFE
Vaults:5 Mennas


Innate Abilities, Weirdness & Mutations

You are resistant to torment.
Your stone body is resilient. (AC +18)
You are immune to poison.
Your large and strong wings let you fly indefinitely.
You resist negative energy. (rN+)
You are resistant to electric shocks. (rElec)
You can survive without breathing.
You are immune to petrification.
You are immune to rotting.
You possess an exceptional clarity of mind.


Message History

Aim: a jiangshi (almost destroyed, dazed)
The iron shot hits the jiangshi!!!
You destroy the jiangshi!
Vehumet accepts your kill.
The jiangshi claws you but does no damage.
The jiangshi completely misses you.
There is a staircase back to the Vaults here.
You feel better. The jiangshi misses you.
The jiangshi claws you but does no damage.
The jiangshi claws you!
* * * LOW HITPOINT WARNING * * *
The jiangshi completely misses you. The jiangshi closely misses you.
The jiangshi completely misses you.
You fly upwards.
Welcome back to the Vaults!
There is a staircase to the Crypt here.
Unknown command.
Unknown command.
Unknown command.
You feel better. The jiangshi claws you!
You die...

...}..#....#...#...#...##.#.##...
......'....##'###########.###...#
...####....#......#....##.##...##
..#'..#...)[......#....##.#...##.
.##...#....#...(..#....##....##.^
.#....#....#......#).÷÷##...#####
.#....#....#.>....#....##..[....#
#######....#....V.#....##########
...........+....@.#....##########
...........+......#))......((.(.(
...........#......#..............
...........########..............
.................................
.................................
.................................
.................................
#################################


You could see a jiangshi.

Vanquished Creatures
  Bai Suzhen (Snake:4)
  Xtahua (Crypt:1)
  Vashnia (Snake:2)
  A lich (Abyss:3)
  Jorgrun (Orc:1)
  2 Ice Fiends (IceCv)
  2 deep elf master archers (Elf:3)
  2 deep elf blademasters
  2 krakens
  4 tentacled starspawn
  A sphinx (shapeshifter) (Vaults:1)
  An ancient champion (Crypt:1)
  A sphinx (Vaults:4)
  A tengu reaver (Vaults:4)
  2 revenants (Crypt:1)
  8 nagarajas
  Ilsuiw (Shoals:4)
  A frost giant (Vaults:3)
  Aizul (Snake:3)
  3 deep elf sorcerers
  10 vault wardens
  3 orc warlords
  3 deep elf elementalists
  12 ironheart preservers
  3 ghouls (Crypt:1)
  6 stone giants
  A war gargoyle (Vaults:3)
  9 very ugly things
  3 deep elf demonologists
  A vampire knight (Crypt:1)
  9 deep elf annihilators
  A yellow draconian (shapeshifter) (D:15)
  4 ettins
  2 fire dragons
  Snorg (D:13)
  9 merfolk javelineers
  5 jiangshi (Crypt:1)
  8 merfolk impalers
  8 deep elf death magi
  2 great orbs of eyes
  Josephine (Orc:1)
  8 ogre magi
  2 deep elf high priests
  8 yaktaur captains
  31 vault guards
  Harold (D:7)
  3 peacekeepers
  2 ice dragons (Vaults:3)
  19 naga warriors
  4 hydras
  18 anacondas
  The ghost of Zaque the Fiendish, a novice DDMo of Makhleb (D:9)
  3 rakshasas
  2 satyrs
  4 catoblepae
  25 two-headed ogres
  3 tengu warriors
  8 merfolk aquamancers
  2 two-headed ogres (shapeshifter) (Vaults:2)
  8 death yaks
  11 centaur warriors
  2 merfolk avatars
  An alligator (D:13)
  An alligator snapping turtle (Shoals:4)
  2 vampire magi (Crypt:1)
  A hell hog (Abyss:3)
  16 naga sharpshooters
  29 dancing weapons
  3 deep troll earth magi
  8 shock serpents
  Urug (Lair:5)
  2 orc high priests
  20 deep elf knights
  A thrashing horror (Abyss:3)
  Nergalle (Lair:3)
  Sonja (Orc:1)
  2 spatial maelstroms (Abyss:3)
  A fire crab (shapeshifter) (D:15)
  7 salamander mystics
  A shadow wraith (Abyss:3)
  7 skeletal warriors (Crypt:1)
  7 wretched stars (Abyss:3)
  24 sea snakes
  3 unseen horrors
  3 glowing orange brains
  17 ironbrand convokers
  4 naga ritualists
  2 necromancers
  8 deep trolls
  4 wizards
  Pikel (D:7)
  22 deep elf archers
  26 harpies
  2 phantasmal warriors
  64 deep elf magi
  4 lindwurms (Snake:4)
  A wolf spider zombie (D:15)
  13 orc knights
  5 orc sorcerers
  6 mana vipers
  5 wolf spiders
  31 ugly things
  6 cyclopes
  14 salamanders
  14 manticores
  4 oklob plants (Lair:3)
  2 worldbinders (Abyss:3)
  15 fauns
  31 black mambas
  3 centaur zombies
  11 guardian serpents
  20 naga magi
  6 merfolk sirens
  14 vault sentinels
  15 elephants
  3 smoke demons (Abyss:3)
  A gargoyle (D:15)
  7 water nymphs
  2 ice statues (IceCv)
  2 centaur skeletons
  A torpor snail (Lair:5)
  8 spiny frogs
  A rime drake (shapeshifter) (D:14)
  Maggie (D:8)
  A freezing wraith (Vaults:1)
  7 komodo dragons
  5 rime drakes
  31 yaktaurs
  A demonic crawler (Abyss:3)
  A guardian mummy (Crypt:1)
  An ancient zyme (Abyss:3)
  A pale draconian skeleton (Crypt:1)
  12 ice devils (IceCv)
  9 trolls
  A yaktaur (shapeshifter) (Vaults:3)
  27 merfolk
  2 wind drakes (shapeshifter)
  A jumping spider (shapeshifter) (Vaults:3)
  20 slime creatures
  A tengu conjurer (D:14)
  A polar bear (shapeshifter) (Vaults:2)
  A queen bee (shapeshifter) (Vaults:4)
  3 polar bears
  A harpy zombie (Crypt:1)
  2 wind drakes
  A sphinx simulacrum (Vaults:2)
  5 saltlings (Desolation)
  2 hornets
  16 blink frogs
  13 hippogriffs
  5 raiju (Abyss:3)
  2 dream sheep (Shoals:4)
  A meliai zombie (D:11)
  11 snapping turtles
  A shadow (D:11)
  9 large abominations (Abyss:3)
  A spriggan (D:7)
  An air elemental (Elf:1)
  A spriggan (shapeshifter) (Vaults:4)
  7 flying skulls
  A ynoxinul (Abyss:3)
  10 wyverns
  19 water elementals
  6 wraiths
  5 fire elementals
  A fire bat (shapeshifter) (Elf:2)
  9 small abominations
  7 humans (D:13)
  35 yaks
  A hungry ghost (D:8)
  A human simulacrum (Vaults:1)
  A chaos spawn (Abyss:3)
  2 neqoxecs (Abyss:3)
  A steam dragon (Lair:3)
  5 basilisks
  6 spatial vortices (Abyss:3)
  5 vampire mosquitoes
  Menkaure (D:6)
  4 insubstantial wisps (Abyss:3)
  4 wargs
  A soldier ant (D:13)
  32 nagas
  2 acid dragons
  A soldier ant (shapeshifter) (Vaults:1)
  8 porcupines
  13 water moccasins
  3 ice beasts
  36 orc warriors
  A sky beast (D:11)
  2 phantoms
  3 black bears
  27 ogres
  2 eyes of draining
  8 wolves (Lair:5)
  4 boggarts (Vaults:1)
  An ettin simulacrum (Crypt:1)
  5 necrophages
  2 swamp dragon skeletons (Crypt:1)
  20 centaurs
  17 crocodiles
  3 big kobolds
  A big kobold (shapeshifter) (Vaults:2)
  An earth elemental (Elf:3)
  16 bullfrogs
  5 scorpions
  2 wyvern skeletons
  10 killer bees (D:10)
  2 electric eels (Snake:3)
  9 wights
  A howler monkey (D:6)
  3 crimson imps
  3 bullfrog zombies
  4 quasits
  5 jellies
  9 hounds
  3 human zombies (Crypt:1)
  12 orc priests
  6 bullfrog skeletons
  Jessica (D:2)
  2 human skeletons (Crypt:1)
  Ijyb (D:4)
  5 iguanas
  21 orc wizards
  2 worker ants
  A hound zombie (D:8)
  4 hound skeletons
  4 mummies (Crypt:1)
  2 worker ant zombies
  24 adders
  16 gnolls
  4 shadow imps
  7 white imps
  An ooze (D:2)
  6 ufetubi
  An adder zombie (D:5)
  3 worms (D:2)
  3 dart slugs
  An iguana skeleton (Crypt:1)
  6 leopard geckos
  60 orcs
  6 bats
  2 giant cockroaches (D:1)
  29 goblins
  17 hobgoblins
  15 jackals
  22 kobolds
  6 quokkas
  3 ball pythons
  6 frilled lizards
  A leopard gecko skeleton (D:3)
  A leopard gecko zombie (D:7)
  6 rats
  A bush (Lair:5)
  A fungus (Lair:3)
  2 plants
  4 starspawn tentacles (Abyss:3)
  3 tentacles
1753 creatures vanquished.

Vanquished Creatures (collateral kills)
  The ghost of Esiny the Tortoise, an adept HuFi of the Shining One (Vaults:4)
  An orc warlord (Vaults:4)
  An anaconda (Snake:1)
  A shock serpent (Snake:1)
  A deep elf archer (Elf:3)
  2 deep elf magi (Elf:1)
  2 black mambas (Snake:1)
9 creatures vanquished.

Vanquished Creatures (others)
  A vault warden (Vaults:2)
  2 deep elf knights
  A necromancer (Vaults:2)
  A wizard (D:15)
  5 deep elf magi
  A yaktaur (Vaults:2)
  A human (D:13)
  A large abomination (Abyss:3)
  A small abomination (Abyss:3)
  2 orc priests (D:7)
  An orc wizard (D:7)
  3 white imps (IceCv)
  5 ufetubi (IceCv)
  An ooze (D:7)
  An adder skeleton (D:7)
  A leopard gecko (D:7)
  An orc (D:7)
  A goblin (D:7)
  A hobgoblin (D:7)
  2 fungi
  A lurking horror (Abyss:3)
  17 plants
  7 starspawn tentacles (Abyss:3)
  9 tentacles
67 creatures vanquished.

Grand Total: 1829 creatures vanquished

Notes
Turn   | Place    | Note
-------+----------+-------------------------------------------
     0 | D:1      | Haet the Gargoyle Earth Elementalist began the quest for
                  | the Orb.
     0 | D:1      | Reached XP level 1. HP: 10/10 MP: 3/3
   241 | D:1      | Reached XP level 2. HP: 15/15 MP: 0/5
   295 | D:1      | Reached skill level 4 in Earth Magic
  1061 | D:2      | Reached XP level 3. HP: 19/19 MP: 4/6
  1135 | D:2      | Learned a level 3 spell: Stone Arrow
  1377 | D:2      | Noticed Jessica
  1381 | D:2      | Killed Jessica
  1381 | D:2      | Reached skill level 1 in Conjurations
  1381 | D:2      | Reached XP level 4. HP: 24/24 MP: 3/8
  1384 | D:2      | You fall into a shaft and drop 2 floors!
  1518 | D:4      | Found Exzid's Antique Weapon Shoppe.
  2112 | D:2      | Reached skill level 5 in Earth Magic
  2256 | D:3      | Found a hide-covered altar of Uskayaw.
  2303 | D:3      | Reached XP level 5. HP: 28/28 MP: 9/9
  2314 | D:3      | Learned a level 5 spell: Lee's Rapid Deconstruction
  2377 | D:3      | Found a glowing silver altar of Zin.
  2482 | D:3      | Found a faded altar of an unknown god.
  2841 | D:4      | HP: 1/28 [scorpion (6)]
  2875 | D:3      | Reached XP level 6. HP: 3/32 MP: 1/11
  3450 | D:4      | Got an ancient mace
  3451 | D:4      | Identified the +6 mace of Blind Justice {holy, rN+ Str+3}
                  | (You found it on level 4 of the Dungeon)
  3546 | D:4      | Noticed a water moccasin
  3552 | D:4      | Killed a water moccasin
  3552 | D:4      | Reached skill level 6 in Earth Magic
  3659 | D:4      | Reached XP level 7. HP: 25/36 MP: 13/13
  3904 | D:4      | Found a radiant altar of Vehumet.
  3921 | D:4      | Became a worshipper of Vehumet
  3959 | D:4      | Noticed Ijyb
  3970 | D:4      | Killed Ijyb
  4399 | D:5      | Entered Level 5 of the Dungeon
  4602 | D:5      | Found an opulent altar of Gozag.
  4682 | D:5      | Found Gozag's Platinum Reserve.
  4868 | D:5      | Found an ancient bone altar of Kikubaaqudgha.
  4869 | D:5      | Found a stormy altar of Qazlal.
  5015 | D:5      | Reached skill level 1 in Fighting
  5015 | D:5      | Reached skill level 1 in Maces & Flails
  5015 | D:5      | Reached skill level 1 in Armour
  5015 | D:5      | Reached skill level 1 in Evocations
  5186 | D:6      | Noticed Menkaure
  5190 | D:6      | Killed Menkaure
  5190 | D:6      | Reached XP level 8. HP: 24/43 MP: 15/15
  5313 | D:6      | Found an ornate altar of the Wu Jian Council.
  5314 | D:6      | Noticed an ogre mage
  5323 | D:6      | Found a transporter.
  5337 | D:6      | Found a transporter.
  5406 | D:6      | Reached * piety under Vehumet
  5406 | D:6      | Offered knowledge of Magic Dart by Vehumet.
  5406 | D:6      | Reached skill level 7 in Earth Magic
  5489 | D:6      | Found Renyutuco's Antique Armour Boutique.
  5524 | D:6      | Reached skill level 5 in Spellcasting
  5761 | D:6      | Found a blossoming altar of Fedhas.
  6026 | D:7      | Noticed Pikel
  6036 | D:7      | Killed Pikel
  6036 | D:7      | Reached skill level 5 in Conjurations
  6036 | D:7      | Reached XP level 9. HP: 47/50 MP: 6/17
  6102 | D:7      | Found a blossoming altar of Fedhas.
  6237 | D:7      | Noticed Harold
  6253 | D:7      | Killed Harold
  6253 | D:7      | Reached skill level 8 in Earth Magic
  6558 | D:7      | Offered knowledge of Searing Ray by Vehumet.
  6756 | D:7      | Found a shadowy altar of Dithmenos.
  6856 | D:7      | Found a staircase to the Ecumenical Temple.
  6865 | Temple   | Entered the Ecumenical Temple
  6885 | D:7      | Got an ominously black robe
  6896 | D:7      | Identified the +0 robe of Egebbol {rCorr} (You found it on
                  | level 7 of the Dungeon)
  7189 | D:8      | Noticed Maggie
  7214 | D:8      | Killed Maggie
  7214 | D:8      | Reached XP level 10. HP: 56/56 MP: 1/18
  7479 | D:8      | Reached ** piety under Vehumet
  7494 | D:8      | Found a sacrificial altar of Ru.
  7560 | D:8      | Noticed a two-headed ogre
  7564 | D:8      | Killed a two-headed ogre
  7597 | D:8      | Found Qohic's Weapon Emporium.
  7750 | D:8      | Found a staircase to the Lair.
  7945 | D:8      | Reached skill level 5 in Fighting
  8389 | D:9      | Reached skill level 5 in Armour
  8432 | D:9      | Offered knowledge of Inner Flame by Vehumet.
  8646 | D:9      | Noticed a two-headed ogre
  8656 | D:9      | Killed a two-headed ogre
  8656 | D:9      | Reached skill level 9 in Earth Magic
  8656 | D:9      | Reached XP level 11. HP: 46/64 MP: 14/20
  8658 | D:9      | Reached *** piety under Vehumet
  8791 | D:9      | Reached skill level 5 in Maces & Flails
  8929 | D:9      | Found a transporter.
  8930 | D:9      | Noticed Zaque's ghost (novice DDMo)
  8930 | D:9      | Noticed a two-headed ogre
  8934 | D:9      | Noticed a two-headed ogre
  8935 | D:9      | Found a transporter.
  9138 | D:9      | Noticed a two-headed ogre
  9146 | D:9      | Killed a two-headed ogre
  9305 | D:9      | Found a sparkling altar of Nemelex Xobeh.
  9305 | D:9      | Noticed a deep elf mage
  9315 | D:9      | Killed a deep elf mage
  9493 | D:9      | Killed a two-headed ogre
  9493 | D:9      | Reached skill level 5 in Evocations
  9523 | D:9      | Killed a two-headed ogre
  9523 | D:9      | Reached skill level 5 in Dodging
  9528 | D:9      | Killed Zaque's ghost
  9528 | D:9      | Offered knowledge of Olgreb's Toxic Radiance by Vehumet.
  9686 | D:10     | Entered Level 10 of the Dungeon
  9770 | D:10     | Found a staircase to the Orcish Mines.
  9795 | D:10     | Found a flagged portal.
  9801 | Bailey   | Entered a bailey
  9897 | Bailey   | Reached **** piety under Vehumet
  9920 | Bailey   | Learned a level 4 spell: Olgreb's Toxic Radiance
  9928 | Bailey   | Offered knowledge of Lightning Bolt by Vehumet.
 10407 | Bailey   | Noticed an orc warlord
 10407 | Bailey   | Noticed an orc knight
 10414 | Bailey   | Reached ***** piety under Vehumet
 10414 | Bailey   | Offered knowledge of Fireball by Vehumet.
 10414 | Bailey   | Killed an orc warlord
 10414 | Bailey   | Killed an orc knight
 10414 | Bailey   | Reached skill level 10 in Earth Magic
 10414 | Bailey   | Reached XP level 12. HP: 67/71 MP: 21/23
 10478 | Bailey   | Learned a level 5 spell: Fireball
 10566 | Bailey   | Identified 2 scrolls of acquirement
 10566 | Bailey   | Identified Haet's Collected Works on Beguiling and Flames
                  | (You acquired it in a bailey)
 11063 | D:11     | Found a portal to a secret trove of treasure.
 11210 | D:11     | Reached skill level 1 in Fire Magic
 12201 | D:12     | Identified the +2 robe of the Sun {rC- MR+ rCorr} (You
                  | found it on level 12 of the Dungeon)
 12477 | D:12     | Noticed a two-headed ogre
 12491 | D:12     | Killed a two-headed ogre
 12649 | D:12     | Found Zaakeycla's Food Shoppe.
 12821 | D:12     | Upgraded the game from 0.25-a0-617-g20d90ebb82 to
                  | 0.25-a0-632-g7713895373
 12835 | D:12     | Learned a level 6 spell: Starburst
 12859 | D:13     | Offered knowledge of Bolt of Magma by Vehumet.
 12870 | D:13     | Learned a level 5 spell: Bolt of Magma
 12875 | D:13     | Noticed a centaur warrior
 12895 | D:13     | Killed a centaur warrior
 13093 | D:13     | Identified the Almanac of Companions and Boosts (You
                  | acquired it on level 13 of the Dungeon)
 13126 | D:13     | Noticed a centaur warrior
 13144 | D:13     | Killed a centaur warrior
 13215 | D:13     | Noticed an alligator
 13215 | D:13     | a cyclops changed into an alligator
 13232 | D:13     | Killed an alligator
 13232 | D:13     | Reached XP level 13. HP: 51/78 MP: 7/25
 13656 | D:13     | Noticed Snorg
 13685 | D:13     | Killed Snorg
 13685 | D:13     | Reached skill level 5 in Fire Magic
 13845 | D:13     | Noticed a vault guard
 13846 | D:13     | Noticed a vault guard
 13849 | D:13     | Noticed a vault guard
 13876 | D:13     | Killed a vault guard
 13876 | D:13     | Reached skill level 11 in Earth Magic
 13939 | D:13     | Killed a vault guard
 14135 | D:13     | Identified the cursed +1 plate armour of Zisuosopt {Int+2}
 14135 | D:13     | Noticed a vault guard
 14150 | D:13     | Killed a vault guard
 14151 | D:13     | Killed a vault guard
 14247 | D:13     | Found a gate to the Vaults.
 15224 | D:14     | You fall into a shaft and drop 1 floor!
 15224 | D:15     | Entered Level 15 of the Dungeon
 15604 | Lair:1   | Entered Level 1 of the Lair of Beasts
 16581 | Lair:2   | Found a staircase to the Shoals.
 16928 | Lair:2   | Identified the +8 morningstar of Vohed {holy, +Fly rC+
                  | Str+4} (You found it on level 2 of the Lair of Beasts)
 17095 | Lair:3   | Noticed Nergalle
 17224 | Lair:3   | Killed Nergalle
 17224 | Lair:3   | Gained mutation: Your large and strong wings let you fly
                  | indefinitely. [Gargoyle growth]
 17224 | Lair:3   | Reached XP level 14. HP: 55/84 MP: 2/26
 17232 | Lair:3   | Found a hide-covered altar of Uskayaw.
 17406 | Lair:3   | Reached skill level 10 in Conjurations
 17454 | Lair:3   | Found a staircase to the Snake Pit.
 19100 | Lair:5   | Reached skill level 12 in Earth Magic
 19126 | Lair:5   | Offered knowledge of Freezing Cloud by Vehumet.
 19287 | Lair:5   | Found a large runed translucent door.
 19287 | Lair:5   | Found a large runed translucent door.
 19288 | Lair:5   | Noticed Xecs's ghost (journeyman DsIE)
 19323 | Lair:5   | Noticed Urug
 19491 | Lair:5   | Killed Urug
 19702 | Lair:5   | Found a viscous altar of Jiyva.
 19702 | Lair:5   | Found a staircase to the Slime Pits.
 19986 | Lair:6   | Entered Level 6 of the Lair of Beasts
 20099 | Lair:6   | Gained mutation: You possess an exceptional clarity of
                  | mind. [potion of mutation]
 20099 | Lair:6   | Gained mutation: You are robust. (+10% HP) [potion of
                  | mutation]
 20429 | Lair:6   | Reached XP level 15. HP: 80/101 MP: 26/28
 20508 | Lair:6   | Found a runed translucent door.
 20512 | Lair:6   | Noticed Phong's ghost (journeyman DrCj)
 20955 | Lair:6   | Offered knowledge of Iron Shot by Vehumet.
 20973 | Lair:6   | Reached skill level 10 in Fighting
 21045 | Lair:6   | Learned a level 6 spell: Iron Shot
 21575 | Orc:1    | Entered Level 1 of the Orcish Mines
 21578 | Orc:1    | Noticed Jorgrun
 21586 | Orc:1    | Killed Jorgrun
 21825 | Orc:2    | Entered Level 2 of the Orcish Mines
 21901 | Orc:1    | Noticed Josephine
 21907 | Orc:1    | Killed Josephine
 21916 | Orc:1    | Reached skill level 10 in Spellcasting
 22067 | Orc:1    | Noticed Sonja
 22068 | Orc:1    | Paralysed by an orc sorcerer for 5 turns
 22076 | Orc:1    | Killed Sonja
 22076 | Orc:1    | Reached skill level 10 in Fire Magic
 22302 | Orc:2    | Found a roughly hewn altar of Beogh.
 22303 | Orc:2    | Noticed an orc warlord
 22308 | Orc:2    | HP: 1/101 [orc knight/cursed -1 halberd (12)]
 22429 | Orc:1    | Upgraded the game from 0.25-a0-632-g7713895373 to
                  | 0.25-a0-634-gd1561dc703
 22911 | Orc:2    | Killed an orc warlord
 22991 | Orc:2    | Offered knowledge of Ozocubu's Refrigeration by Vehumet.
 23122 | Orc:2    | Found Wohoschi's Antique Armour Shoppe.
 23131 | Orc:2    | Found Voczirupt's General Store.
 23138 | Orc:2    | Bought a scroll of identify for 24 gold pieces
 23138 | Orc:2    | Bought a scroll of identify for 24 gold pieces
 23138 | Orc:2    | Bought a scroll of blinking for 90 gold pieces
 23156 | Orc:2    | Found Paits's Antique Weapon Shoppe.
 23172 | Orc:2    | Found Xoff's Book Shoppe.
 23204 | Orc:2    | Bought a bloodstained helmet for 342 gold pieces
 23205 | Orc:2    | Identified the cursed +0 helmet "Obuca" {+Fly rPois} (You
                  | bought it in a shop on level 2 of the Orcish Mines)
 23233 | Orc:2    | Found a staircase to the Elven Halls.
 23906 | D:15     | Reached skill level 13 in Earth Magic
 24149 | D:15     | Reached XP level 16. HP: 107/107 MP: 25/30
 24638 | D:15     | Reached skill level 10 in Maces & Flails
 24808 | D:15     | Found a staircase to the Depths.
 24944 | D:15     | Found a bloodstained altar of Trog.
 25208 | Elf:1    | Entered Level 1 of the Elven Halls
 25790 | Elf:1    | Offered knowledge of Spellforged Servitor by Vehumet.
 26112 | Elf:1    | Identified the ring "Soicwied" {*Contam rN+++ AC+2 Dex+8}
                  | (You acquired it on level 1 of the Elven Halls)
 26112 | Elf:1    | Identified the +1 pair of gloves of Seteopus {*Contam rF++}
                  | (You acquired it on level 1 of the Elven Halls)
 26130 | Elf:1    | Identified Lyjopedgh's Handbook of Illusion
 26139 | Elf:1    | Cast into level 3 of the Abyss (a deep elf sorcerer)
 26241 | Abyss:3  | Noticed a tentacled starspawn
 26256 | Abyss:3  | Killed a tentacled starspawn
 26330 | Abyss:3  | Reached ****** piety under Vehumet
 26948 | Abyss:3  | Noticed a tentacled starspawn
 26952 | Abyss:3  | Killed a tentacled starspawn
 26975 | Elf:1    | Escaped the Abyss
 27440 | Elf:1    | Reached XP level 17. HP: 114/114 MP: 24/31
 28093 | Elf:2    | Found Qyuwin's Book Emporium.
 28172 | Elf:2    | Found a ruined gateway.
 28180 | Desolati | Entered the Desolation of Salt
 28502 | Elf:2    | Offered knowledge of Conjure Ball Lightning by Vehumet.
 28567 | Elf:2    | Reached skill level 14 in Earth Magic
 28985 | Elf:2    | Found a huge runed translucent gate.
 28985 | Elf:2    | Found a huge runed translucent gate.
 28985 | Elf:2    | Found a huge runed translucent gate.
 28985 | Elf:2    | Found a huge runed translucent gate.
 28987 | Elf:2    | Found a huge runed translucent gate.
 29153 | Elf:3    | Entered Level 3 of the Elven Halls
 29274 | Elf:3    | Noticed a deep elf master archer
 29377 | Elf:3    | Identified the +1 flail of Capor {flame, +Inv rElec Str-2
                  | Dex+5}
 29431 | Elf:3    | Identified the +7 spear of Cocytus {venom, rElec Int+2}
 29693 | Elf:3    | Cast into level 3 of the Abyss (a deep elf demonologist)
 29813 | Abyss:3  | Noticed a lich
 29827 | Abyss:3  | Killed a lich
 29912 | Abyss:3  | Noticed a tentacled starspawn
 29946 | Elf:3    | Escaped the Abyss
 30448 | Elf:3    | Found Mezuh's Jewellery Emporium.
 30453 | Elf:3    | Bought the ring "Tufug" {rPois rC++ rCorr} for 974 gold
                  | pieces
 30455 | Elf:3    | Bought the ring of Contentment {rF+ EV+3} for 700 gold
                  | pieces
 30466 | Elf:3    | Found Uleeqil's Antique Weapon Shoppe.
 30482 | Elf:3    | Found Zosiatyk's Antique Weapon Emporium.
 30518 | Elf:3    | Noticed a deep elf blademaster
 30697 | Elf:3    | Identified the +4 hand axe "Likuceys" {antimagic, *Drain
                  | rC++ Str+6}
 30698 | Elf:3    | Killed a tentacled starspawn
 30701 | Elf:3    | Identified the +9 trident "Oschy" {venom, Dex+4}
 31203 | Elf:3    | Cast into level 3 of the Abyss (a deep elf sorcerer)
 31203 | Abyss:3  | Found a corrupted altar of Lugonu.
 31314 | Abyss:3  | Reached XP level 18. HP: 123/123 MP: 33/33
 31442 | Abyss:3  | Lost mutation: You are robust. (+10% HP) [a neqoxec]
 31524 | Abyss:3  | Found a corrupted altar of Lugonu.
 31548 | Elf:3    | Escaped the Abyss
 31587 | Elf:3    | Offered knowledge of Lehudib's Crystal Spear by Vehumet.
 31587 | Elf:3    | Offered knowledge of Chain Lightning by Vehumet.
 31587 | Elf:3    | Offered knowledge of Tornado by Vehumet.
 31913 | Elf:3    | Killed a deep elf master archer
 31915 | Elf:3    | Identified the cursed +0 plate armour of Jafuaquy {Stlth+}
 31915 | Elf:3    | Noticed a deep elf master archer
 32066 | Elf:3    | Killed a deep elf master archer
 32123 | Elf:3    | Noticed a deep elf blademaster
 32137 | Elf:2    | Killed a deep elf blademaster
 32137 | Elf:2    | Reached skill level 10 in Dodging
 32991 | Elf:3    | Identified the +0 hat "Xiuwni" {rC- Regen+ Int+2 Slay+3}
                  | (You acquired it on level 3 of the Elven Halls)
 33235 | Elf:3    | Killed a deep elf blademaster
 33564 | Elf:3    | Identified a +1 pair of boots of running (You found it on
                  | level 3 of the Elven Halls)
 33956 | Elf:3    | Found Zosiatyk's Antique Weapon Emporium.
 33991 | Elf:3    | Found Uleeqil's Antique Weapon Shoppe.
 34069 | Elf:3    | Found Mezuh's Jewellery Emporium.
 34633 | Shoals:1 | Entered Level 1 of the Shoals
 35820 | Shoals:2 | Found a runed translucent door.
 36004 | Shoals:2 | Found a frozen archway.
 36017 | IceCv    | Entered an ice cave
 36694 | IceCv    | Identified the +2 pair of gloves of the Eternal Fruit
                  | {Str+4} (You found it in an ice cave)
 36745 | IceCv    | Noticed an Ice Fiend
 36751 | IceCv    | Killed an Ice Fiend
 36766 | IceCv    | Reached skill level 15 in Earth Magic
 36885 | IceCv    | Noticed an Ice Fiend
 36889 | IceCv    | Killed an Ice Fiend
 36967 | IceCv    | Got a steaming demon trident
 37066 | IceCv    | Identified the +7 demon trident of Sudden Death {drain,
                  | rPois MR+ SInv} (You found it in an ice cave)
 37089 | Shoals:2 | Reached XP level 19. HP: 95/118 MP: 6/35
 37335 | Shoals:2 | Found a shimmering altar of Xom.
 37335 | Shoals:2 | Noticed Kulegor's ghost (adept SpEn)
 37336 | Shoals:2 | Found the +8 frozen axe "Frostbite" {freezing cloud, *Noise
                  | +Fly rC+}
 38091 | Snake:1  | Entered Level 1 of the Snake Pit
 39481 | Snake:2  | Noticed Vashnia
 39541 | Snake:2  | Killed Vashnia
 40830 | Snake:2  | Upgraded the game from 0.25-a0-634-gd1561dc703 to
                  | 0.25-a0-645-gb4487340cb
 41136 | Snake:3  | Noticed Aizul
 41142 | Snake:3  | Killed Aizul
 41142 | Snake:3  | Reached skill level 15 in Fire Magic
 41290 | Snake:3  | Found a runed translucent door.
 41290 | Snake:3  | Found a shimmering altar of Xom.
 41290 | Snake:3  | Noticed Wizop's ghost (adept DsFE)
 41966 | Snake:4  | Entered Level 4 of the Snake Pit
 42006 | Snake:4  | Reached XP level 20. HP: 116/125 MP: 36/36
 42844 | D:12     | Bought a ration for 55 gold pieces
 42844 | D:12     | Bought a ration for 55 gold pieces
 42844 | D:12     | Bought a ration for 55 gold pieces
 42844 | D:12     | Bought a ration for 55 gold pieces
 42844 | D:12     | Bought a ration for 55 gold pieces
 42844 | D:12     | Bought a ration for 55 gold pieces
 42844 | D:12     | Bought a ration for 55 gold pieces
 42844 | D:12     | Bought a ration for 55 gold pieces
 42844 | D:12     | Bought a ration for 55 gold pieces
 42844 | D:12     | Bought a ration for 55 gold pieces
 42844 | D:12     | Bought a ration for 55 gold pieces
 42941 | Orc:2    | Bought a ration for 60 gold pieces
 42941 | Orc:2    | Bought a ration for 60 gold pieces
 43535 | Snake:4  | Noticed Bai Suzhen
 43578 | Snake:4  | Killed Bai Suzhen
 44625 | Snake:4  | Reached skill level 16 in Earth Magic
 45610 | Snake:4  | Got a serpentine rune of Zot
 46524 | Shoals:3 | Found a runed translucent door.
 47084 | Shoals:4 | Entered Level 4 of the Shoals
 47262 | Shoals:4 | Reached XP level 21. HP: 132/132 MP: 25/38
 47404 | Shoals:4 | Noticed Ilsuiw
 47423 | Shoals:4 | Killed Ilsuiw
 48406 | Shoals:4 | Got a barnacled rune of Zot
 49192 | Vaults:1 | Entered Level 1 of the Vaults
 49454 | Vaults:1 | Found Irie's Distillery.
 49472 | Vaults:1 | Bought a potion of mutation for 136 gold pieces
 49472 | Vaults:1 | Bought a potion of curing for 51 gold pieces
 49472 | Vaults:1 | Bought a potion of heal wounds for 85 gold pieces
 49472 | Vaults:1 | Bought a potion of ambrosia for 136 gold pieces
 49472 | Vaults:1 | Bought a potion of ambrosia for 136 gold pieces
 49472 | Vaults:1 | Bought a potion of brilliance for 68 gold pieces
 49472 | Vaults:1 | Bought a potion of mutation for 136 gold pieces
 49472 | Vaults:1 | Bought a potion of cancellation for 136 gold pieces
 49542 | Vaults:1 | Identified the ring "Vaesiux" {rElec Int+3 SInv} (You
                  | acquired it on level 1 of the Vaults)
 49592 | Vaults:1 | You are sucked into a shaft and drop 1 floor!
 49749 | Vaults:2 | Found a staircase to the Crypt.
 50595 | Vaults:1 | Reached skill level 15 in Conjurations
 51022 | Vaults:1 | Got a scorched quarterstaff
 51023 | Vaults:1 | Identified the cursed +1 quarterstaff of Riwy {vorpal, +Fly
                  | rC++} (You found it on level 1 of the Vaults)
 52544 | Vaults:2 | Reached XP level 22. HP: 138/138 MP: 39/39
 52721 | Vaults:2 | Reached skill level 17 in Earth Magic
 54389 | Vaults:3 | Reached skill level 15 in Fighting
 56370 | Vaults:4 | Got a sparkling bronze ring
 56371 | Vaults:4 | Identified the ring of Temperance {rPois Str+3} (You found
                  | it on level 4 of the Vaults)
 56413 | Vaults:4 | Reached XP level 23. HP: 122/145 MP: 9/41
 58430 | Vaults:4 | Found a runed translucent gate.
 58430 | Vaults:4 | Found a runed translucent gate.
 58430 | Vaults:4 | Found a runed translucent gate.
 58432 | Vaults:4 | Noticed Esiny's ghost (adept HuFi)
 58433 | Vaults:4 | Identified the ring of Isyanwin {+Fly rPois MR- Str+3}
 58492 | Vaults:4 | Found a roughly hewn altar of Beogh.
 58545 | Vaults:4 | Killed Esiny's ghost
 59387 | Elf:2    | Bought a book of the Earth for 1040 gold pieces
 59398 | Elf:2    | Learned a level 9 spell: Shatter
 59522 | Elf:2    | Reached skill level 18 in Earth Magic
 61021 | Crypt:1  | Entered Level 1 of the Crypt
 61049 | Vaults:5 | Entered Level 5 of the Vaults
 61052 | Vaults:5 | Reached skill level 19 in Earth Magic
 61052 | Vaults:5 | Noticed Mennas
 61186 | Crypt:1  | Noticed Xtahua
 61188 | Crypt:1  | Reached skill level 20 in Earth Magic
 61494 | Crypt:1  | Paralysed by Xtahua for 2 turns
 61508 | Crypt:1  | Paralysed by Xtahua for 4 turns
 61515 | Crypt:1  | Paralysed by Xtahua for 3 turns
 61518 | Crypt:1  | HP: 4/145 [Xtahua (11)]
 61521 | Crypt:1  | Killed Xtahua
 61521 | Crypt:1  | Reached XP level 24. HP: 13/151 MP: 12/41
 61527 | Crypt:1  | HP: 2/151 [jiangshi[a vampire mage] (15)]
 61529 | Vaults:2 | Slain by a jiangshi

Levels and vault maps discovered:
D:1:      minmay_arrival_stone_box, layout_basic
D:2:      layout_loops_corners, uniq_jessica
D:3:      layout_rooms, old_standard_altar, lemuel_crystal_altar,
          chequers_ecumenical_altar_island
D:4:      layout_basic, vehumet_crystals, serial_shops, kennysheep_little_box,
          first_ration, uniq_ijyb
D:5:      layout_cave_pools, nicolae_gozag_zags_fifth_avenue, minitemple
D:6:      layout_loops_cross, gammafunk_temple_overflow_arena, basic_altar,
          serial_shops, shop, uniq_menkaure
D:7:      layout_loops_ring, kennysheep_mini, lemuel_round_altar,
          minmay_temple_entry_antechambers, corexii_checkpoint_b, minivault_19,
          the_bakery, uniq_harold, uniq_pikel
D:8:      layout_basic, nicolae_ru_great_annihilating_truth,
          erik_lair_orcish_takeover, serial_shops, shop_fountains, uniq_maggie
D:9:      layout_basic, gammafunk_ghost_smash, david_defended_altar_elf
D:10:     layout_rooms, orc_0_dummy, enter_bailey_3
D:11:     layout_grid_maze, nicolae_trove_entry_crossroad,
          hangedman_decor_peaks_small
D:12:     layout_loops_ring, serial_shops, shop
D:13:     layout_small_grid, ximxim_vaults_locker_room, uniq_snorg
D:14:     layout_loops_ring, minivault_23, nrook_mini_vaults
D:15:     gammafunk_enter_depths_forms, layout_cave_pools, special_room
          [special_room_mythical_zoo], trog_wizard
Temple:   nicolae_temple_hex_pool
Lair:1:   layout_regular_city, chequers_serial_rivers_room_b
Lair:2:   layout_hall_layers, elwin_shoals_entry_rocks, minmay_hedge_maze,
          lemuel_fruit_fields, grunt_megastairs_4
Lair:3:   layout_big_grid, minmay_snake_entry_six_corridors, basic_altar,
          minmay_lair_oklob_chamber, uniq_nergalle
Lair:4:   layout_roguey
Lair:5:   layout_hall_layers, slime_altar_1, ebering_ghost_disaster_area,
          st_stairs_7, grunt_forest_large_clearing_hut, uniq_urug
Lair:6:   evilmike_catoblepas_cave, layout_gridlike,
          ebering_ghost_reflecting_pool, grunt_megastairs_5
Shoals:1: layout_shoals, nicolae_shoals_circle_sea_wall,
          nicolae_shoals_water_shrine
Shoals:2: layout_shoals, ebering_ghost_xom, portal_ice_cave_entry_pillars_1
Shoals:3: layout_shoals, lightli_airlock
Shoals:4: shoals_end_hangedman, layout_shoals, shoal_ilsuiw
Snake:1:  layout_cave_shapes, special_room
Snake:2:  layout_layer_cave, st_stairs_5, serial_bayou_shore_b,
          serial_bayou_shore_b, uniq_vashnia
Snake:3:  layout_basic, ebering_ghost_xom, nicolae_coiled_stairwell_up,
          serial_bayou_shore_a, uniq_aizul
Snake:4:  snake_pit_salamanders_mu, layout_cave_town, minmay_snake_pond,
          serial_bayou_shore_b, uniq_bai_suzhen
Orc:1:    layout_caves, uniq_sonja, uniq_jorgrun, uniq_josephine
Orc:2:    grunt_orc_cross, layout_caves
Elf:1:    elf_arrival_002, layout_gridlike, minmay_elf_demonology,
          nicolae_elf_big_sculpture_1, statue_in_the_mist_lemuel,
          minmay_strange_pillars, lemuel_flamethrower_2
Elf:2:    layout_loops_corners, portal_desolation_entry_twin_temple,
          serial_shops, shop, nicolae_elf_stair_hall
Elf:3:    grunt_elf_hall_branching, layout_loops_corners, serial_shops, shop,
          shop, nicolae_shop_waterfront, serial_sigils_hangedman_quiver
Vaults:1: v_misc_24, hangedman_vaults_impose, v_misc_29, hangedman_vaults_nails,
          nicolae_vaults_network_s, vaults_standard_mumra_x, vaults_dpeg_hooks,
          vaults_room_hangedman_quadrants, grunt_vaults_hallway_short,
          vaults_mumra_hexcomb, layout_vaults_omnigrid, serial_shops,
          nicolae_shop_stone
Vaults:2: vaults_room_stairs_pillars, ontoclasm_vaults_tryst,
          nicolae_vaults_triangles, nicolae_vaults_arrows,
          nicolae_vaults_ninety_degrees, v_rooms_4, hangedman_vaults_slither,
          v_pattern_3, vaults_room_door_ring, layout_vaults_chaotic_city
Vaults:3: nicolae_vaults_network_quincunx
          [nicolae_vaults_network_quincunx_subvault,
          nicolae_vaults_network_quincunx_subvault,
          nicolae_vaults_network_quincunx_subvault,
          nicolae_vaults_network_quincunx_subvault,
          nicolae_vaults_network_quincunx_subvault], vaults_room_hallway,
          nicolae_vaults_network_square, nicolae_vaults_diagonal_hallway_9,
          grunt_vaults_diagonal, vaults_room_door_ring,
          vaults_standard_mumra_lines, nicolae_vaults_little_ls,
          nicolae_vaults_what_the_h, v_misc_10, hangedman_vaults_locks,
          nicolae_vaults_theta, grunt_vaults_hallway_short,
          layout_vaults_omnicross
Vaults:4: biasface_vaults_ghost_orc_armoury, hangedman_vaults_restitches,
          vaults_room_grunt_arrival_ludios, nicolae_vaults_network_barrier,
          vaults_mumra_chevron, vaults_dpeg_diagonal, ontoclasm_vaults_pinch,
          nicolae_vaults_little_squares_3, ontoclasm_vaults_claustrophobia,
          nicolae_vaults_windows_and_doors_thing, nicolae_vaults_network_star,
          nicolae_vaults_little_squares_6, vaults_room_door_ring,
          vaults_room_door_ring, layout_vaults_omnibox
Vaults:5: serial_shops, uniq_jory, uniq_mennas
Crypt:1:  layout_basic, corexii_hall_statues_i, feat_on_display,
          grunt_crypt_arrival_guarded_gate, uniq_xtahua, uniq_margery

Skill      XL: |  1  2  3  4  5  6  7  8  9 10 11 12 13 14 15 16 17 18 19 20 21 22 23 |
---------------+----------------------------------------------------------------------+-----
Earth Magic    | 4 5 6 7 8 9 10 11 12 13 14 15 16 17 20 | 20.5
Spellcasting   | 3 4 5 6 7 8 9 10 11 12 13 14 | 14.2
Conjurations   | 1 2 3 4 5 6 8 9 10 11 12 13 14 15 16 | 16.0
Fighting       | 1 3 4 5 6 7 8 9 10 11 12 13 14 15 | 15.6
Maces & Flails | 1 2 3 4 6 7 8 9 10 11 12 13 14 | 14.0
Armour         | 1 2 4 5 6 |  6.0
Dodging        | 2 3 4 5 6 7 8 9 10 11 12 | 12.6
Evocations     | 1 2 3 4 5 6 |  6.0
Fire Magic     | 4 7 9 10 12 13 14 15 16 17 18 | 18.2
Stealth        | |  2.1
Transmutations | |  0.7

Action                   |  1- 3 |  4- 6 |  7- 9 | 10-12 | 13-15 | 16-18 | 19-21 | 22-24 || total
-------------------------+-------+-------+-------+-------+-------+-------+-------+-------++-------
Melee: Unarmed           |    11 |       |       |       |       |       |       |       ||    11
       Whip              |    54 |       |       |       |       |       |       |       ||    54
       Short sword       |       |   152 |       |       |       |       |       |       ||   152
       Mace              |       |    20 |   127 |   360 |   105 |       |       |       ||   612
       Dire flail        |       |       |       |       |    60 |       |       |       ||    60
       Morningstar       |       |       |       |       |   501 |   616 |   995 |   366 ||  2478
Throw: Throwing net      |       |       |     1 |       |       |       |       |       ||     1
 Cast: Sandblast         |    27 |    33 |    57 |   163 |    98 |    41 |    30 |    18 ||   467
       Stone Arrow       |     1 |       |    10 |     8 |    10 |     2 |    15 |     1 ||    47
       Lee's Rapid Decon |       |       |     6 |    32 |    66 |   155 |    99 |   155 ||   513
       Olgreb's Toxic Ra |       |       |       |    10 |       |       |       |       ||    10
       Fireball          |       |       |       |     5 |    57 |    41 |   112 |    26 ||   241
       Bolt of Magma     |       |       |       |     3 |     7 |       |       |       ||    10
       Starburst         |       |       |       |     3 |    47 |    11 |    51 |    11 ||   123
       Iron Shot         |       |       |       |       |    19 |   151 |   175 |   108 ||   453
       Shatter           |       |       |       |       |       |       |       |    15 ||    15
 Abil: Fly               |       |       |       |       |     1 |       |       |       ||     1
Evoke: Wand              |       |       |     1 |     8 |    14 |     1 |     4 |     1 ||    29
       Fan of gales      |       |       |       |       |     1 |     3 |       |       ||     4
       Phial of floods   |       |       |       |       |     1 |     2 |       |     1 ||     4
  Use: Potion            |       |     1 |     9 |     2 |    11 |    21 |     7 |     5 ||    56
       Scroll            |       |     9 |     5 |    17 |    27 |    19 |    17 |     9 ||   103
 Stab: Sleeping          |     5 |     6 |     1 |       |     4 |     1 |     4 |       ||    21
       Paralysed         |       |       |       |     1 |       |       |       |       ||     1
       Distracted        |       |       |       |     1 |       |     1 |       |       ||     2
       Petrified         |       |       |       |       |     2 |       |       |       ||     2
  Eat: Chunk             |     2 |     7 |    12 |    24 |    47 |    48 |    58 |    40 ||   238
       Ration            |       |       |     1 |     2 |    11 |    18 |    18 |     8 ||    58
Armor: Robe              |    25 |    59 |    86 |       |       |       |       |       ||   170
       Skin              |       |       |     4 |       |       |       |       |       ||     4
       Steam dragon scal |       |       |       |   277 |   597 |   453 |   740 |   270 ||  2337
Dodge: Dodged            |    56 |   109 |   139 |   407 |   765 |   659 |  1182 |   442 ||  3759

Table legend:
 A = Non-vault XP
 B = Vault XP
 C = Vault XP percentage of total XP
 D = Non-vault monster count
 E = Vault monster count
 F = Vault count percentage of total count
                 A         B        C        D         E       F
            +---------+---------+-------+---------+---------+-------
      Total |  446724 |  388235 |  46.5 |    1113 |     638 |  36.4
            +---------+---------+-------+---------+---------+-------
        D:1 |      32 |       0 |   0.0 |      19 |       0 |   0.0
        D:2 |      71 |      37 |  34.3 |      26 |       1 |   3.7
        D:3 |     194 |       0 |   0.0 |      19 |       0 |   0.0
        D:4 |     345 |      36 |   9.4 |       8 |       1 |  11.1
        D:5 |     457 |       0 |   0.0 |      19 |       0 |   0.0
        D:6 |     415 |     169 |  28.9 |      17 |       1 |   5.6
        D:7 |     762 |    1863 |  71.0 |      21 |       3 |  12.5
        D:8 |    2147 |     931 |  30.2 |      21 |      13 |  38.2
        D:9 |    3878 |    3634 |  48.4 |      30 |       7 |  18.9
       D:10 |    1803 |       8 |   0.4 |      33 |       4 |  10.8
       D:11 |    2974 |       0 |   0.0 |      26 |       0 |   0.0
       D:12 |    2830 |       0 |   0.0 |      19 |       0 |   0.0
       D:13 |    8576 |    6368 |  42.6 |      30 |      12 |  28.6
       D:14 |    8242 |     201 |   2.4 |      17 |       1 |   5.6
       D:15 |   10562 |   11868 |  52.9 |      30 |      33 |  52.4
     Lair:1 |    1580 |       0 |   0.0 |       8 |       0 |   0.0
     Lair:2 |    1913 |       0 |   0.0 |       9 |       0 |   0.0
     Lair:3 |    9819 |    4525 |  31.5 |      28 |      18 |  39.1
     Lair:4 |    4305 |       0 |   0.0 |      16 |       0 |   0.0
     Lair:5 |    8210 |    2231 |  21.4 |      41 |       4 |   8.9
     Lair:6 |    5863 |   13432 |  69.6 |      20 |      25 |  55.6
   Shoals:1 |   16907 |    4248 |  20.1 |      34 |       8 |  19.0
   Shoals:2 |   18135 |       0 |   0.0 |      30 |       0 |   0.0
   Shoals:3 |    6099 |    6971 |  53.3 |      17 |      11 |  39.3
   Shoals:4 |   17474 |   24964 |  58.8 |      35 |      34 |  49.3
    Snake:1 |   20262 |       0 |   0.0 |      37 |       0 |   0.0
    Snake:2 |   20327 |    8725 |  30.0 |      39 |       7 |  15.2
    Snake:3 |   20416 |    2633 |  11.4 |      33 |       2 |   5.7
    Snake:4 |   15612 |   59612 |  79.2 |      27 |      78 |  74.3
      Orc:1 |    1274 |    6020 |  82.5 |      12 |       8 |  40.0
      Orc:2 |    2581 |    7420 |  74.2 |      23 |      33 |  58.9
      Elf:1 |   27399 |    5422 |  16.5 |      45 |       9 |  16.7
      Elf:2 |   13798 |   30709 |  69.0 |      23 |      35 |  60.3
      Elf:3 |   12889 |   28970 |  69.2 |      16 |      20 |  55.6
   Vaults:1 |   21539 |   12893 |  37.4 |      31 |      20 |  39.2
   Vaults:2 |   30002 |   29824 |  49.9 |      56 |      39 |  41.1
   Vaults:3 |   39422 |   41743 |  51.4 |      60 |      48 |  44.4
   Vaults:4 |   24021 |   26586 |  52.5 |      31 |      35 |  53.0
   Vaults:5 |    1746 |   23699 |  93.1 |       1 |      24 |  96.0
    Crypt:1 |   27722 |    4842 |  14.9 |      42 |       1 |   2.3
    Abyss:3 |   34121 |     530 |   1.5 |      64 |       1 |   1.5
     Bailey |       0 |    4149 | 100.0 |       0 |      69 | 100.0
      IceCv |       0 |   10599 | 100.0 |       0 |      27 | 100.0
 Desolation |       0 |    2373 | 100.0 |       0 |       6 | 100.0
            +---------+---------+-------+---------+---------+-------
